 Dungeon Sprint DCSS version 0.31-a0-4-gefa6de2278 (webtiles) character file.

Game seed: 16038780886814942784

39 BigDaddyOpFi the Covered (level 3, -4/35 HPs)
             Began as an Armataur Fighter on May 3, 2023.
             Was a Follower of Jiyva.
             Slain by an orc warrior
             ... wielding a +0 halberd
              (12 damage)
             ... in the Dungeon (Sprint VII: "The Pits").
             The game lasted 00:01:19 (201 turns).

BigDaddyOpFi the Covered (Armataur Fighter)          Turns: 201, Time: 00:01:20

Health: -4/35      AC: 12    Str: 23    XL:     3   Next: 26%
Magic:  3/3        EV:  4    Int:  8    God:    Jiyva [*.....]
Gold:   0          SH:  4    Dex:  9    Spells: 2/2 levels left

rFire   . . .        a - +0 war axe
rCold   . . .        c - +0 buckler
rNeg    . . .        f - +2 plate armour
rPois   .            (no helmet)
rElec   .            (no cloak)
rCorr   .            (no gloves)
SInv    .            (no barding)
Will    .....        (no amulet) Stlth
                     (no ring)
HPRegen 1.05/turn    (no ring)
MPRegen 0.33/turn

%: no teleportation, roll
@: mighty
A: large, rugged brown scales 3, deformed body, armoured tail, roll, long
tongue, awkward tongue
a: Renounce Religion


You were in the Dungeon.
You worshipped Jiyva.
Jiyva was aware of your devotion.
You visited 1 branch

Inventory:

Hand Weapons
 a - a +0 war axe (weapon)
Armour
 c - a +0 buckler (worn)
 f - a +2 plate armour (worn)
Scrolls
 j - a scroll of blinking
Potions
 d - 4 potions of heal wounds
 e - 6 potions of curing
 g - a potion of haste
 h - 4 potions of magic
 i - 3 potions of berserk rage
 k - 2 potions of invisibility


   Skills:
 + Level 4.0 Fighting
 + Level 3.0 Axes
 + Level 5.3 Armour
 + Level 4.8 Shields


You had 2 spell levels left.
You didn't know any spells.
Your spell library was empty.

Dungeon Overview and Level Annotations

Branches:
Dungeon (1/1)

Altars:
Ashenzari
Cheibriados
Dithmenos
Elyvilon
Fedhas
Gozag
Hepliaklqana
Kikubaaqudgha
Makhleb
Nemelex Xobeh
Okawaru
Qazlal
Ru
Sif Muna
Trog
Uskayaw
Vehumet
Wu Jian
Xom
Yredelemnul
Zin
The Shining One
Jiyva
Lugonu


Innate Abilities, Weirdness & Mutations

You are completely covered in rugged brown scales. (AC +3, +7% HP)
Armour fits poorly on your strangely shaped body.
You have a long armoured tail.
You roll when moving toward enemies. (Rampage)
Your long tongue fully drains potion bottles. (2x potion effects)
Your tongue gives you trouble enunciating. (1.5x scroll delay)


Message History

Crazy Yiuf is severely wounded.
Crazy Yiuf hits you but does no damage. The orc hits you but does no damage.
Crazy Yiuf completely misses you.
You slash Crazy Yiuf!
You kill Crazy Yiuf!
A ball python comes into view.
The orc warrior hits you from afar with a +0 halberd!
The ball python hisses angrily.
Your Fighting skill increases to level 4!
Your Axes skill increases to level 3!
Your Armour skill increases to level 5!
You have reached level 3!
Your experience leads to an increase in your attributes!
Increase (S)trength, (I)ntelligence, or (D)exterity?
You feel stronger. x2
You feel much better.
You slurp down every last drop of the potion of heal wounds!
The ball python bites you but does no damage.
The kobold brigand barely misses you. The orc warrior barely misses you.
You barely miss the kobold brigand. You closely miss the ball python.
The ball python barely misses you. The orc hits you but does no damage.
A wight comes into view.
It is wielding a +0 battleaxe and wearing a +0 robe of fire resistance.
The kobold brigand hits you but does no damage.
The orc warrior hits you from afar with a +0 halberd.
The ball python bites you.
You closely miss the kobold brigand. You slash the mummy!
You hit the ball python.
You kill the ball python!
The kobold brigand hits you with a +0 dagger.
The orc barely misses you. The orc warrior barely misses you.
The orc warrior hits you from afar with a +0 halberd!
The mummy hits you but does no damage.
The orc hits you from afar with a +0 trident!
The kobold brigand hits you but does no damage.
You slash the kobold brigand!
The kobold brigand is heavily wounded.
You barely miss the mummy.
The kobold brigand hits you with a +0 dagger.
* * * LOW HITPOINT WARNING * * *
The orc warrior hits you from afar with a +0 halberd!
You die...

#.##'####+###.....
#.#........##.....
#.#........##.....
#.#####'#####...<.
#.#...)))[.##.....
#.#...)))[.##.....
#'###########.....
#.M.....# ######
#@z#.#..# #K## #


#oo #o## #.. #.. ### You could see an orc warrior, a kobold brigand, a mummy, a
wight and 2 orcs.

Vanquished Creatures
  Crazy Yiuf (D)
  2 ufetubi (D)
  A ball python (D)
  A ball python skeleton (D)
  A ball python zombie (D)
  A bat (D)
  A kobold (D)
8 creatures vanquished.

Vanquished Creatures (others)
  An ancient lich (D)
  A pandemonium lord (D)
  Frederick (D)
  A Tzitzimitl (D)
  A Hell Sentinel (D)
  An acid blob (D)
  4 rockslimes (D)
  2 azure jellies (D)
  A draconian annihilator (D)
  2 quicksilver oozes (D)
  An apis (D)
  2 great orbs of eyes (D)
  A deep elf high priest (D)
  An alligator (D)
  A dancing weapon (D)
  A naga warrior (D)
  5 hell knights (D)
  An eye of devastation (D)
  9 slime creatures (D)
  A wraith (D)
  A yak (D)
  3 floating eyes (D)
  2 endoplasms (D)
  A rat (D)
45 creatures vanquished.

Grand Total: 53 creatures vanquished

Notes
Turn   | Place    | Note
-------+----------+-------------------------------------------
     0 | D        | BigDaddyOpFi the Armataur Fighter began the quest for the
                  | Orb.
     0 | D        | Reached XP level 1. HP: 19/19 MP: 1/1
    30 | D        | Found a bloodstained altar of Trog.
    30 | D        | Found a shimmering blue altar of Sif Muna.
    30 | D        | Found a viscous altar of Jiyva.
    30 | D        | Found a hazy altar of Hepliaklqana.
    30 | D        | Found an opulent altar of Gozag.
    31 | D        | Found a glowing golden altar of the Shining One.
    31 | D        | Found a glowing silver altar of Zin.
    31 | D        | Found a basalt altar of Yredelemnul.
    31 | D        | Found a shimmering altar of Xom.
    31 | D        | Found an ornate altar of the Wu Jian Council.
    31 | D        | Found a sacrificial altar of Ru.
    31 | D        | Found a stormy altar of Qazlal.
    31 | D        | Found an iron altar of Okawaru.
    31 | D        | Found a sparkling altar of Nemelex Xobeh.
    31 | D        | Found a burning altar of Makhleb.
    31 | D        | Found a blossoming altar of Fedhas.
    31 | D        | Found a white marble altar of Elyvilon.
    31 | D        | Found a shadowy altar of Dithmenos.
    31 | D        | Found a snail-covered altar of Cheibriados.
    34 | D        | Found a corrupted altar of Lugonu.
    34 | D        | Found a radiant altar of Vehumet.
    35 | D        | Found an ancient bone altar of Kikubaaqudgha.
    35 | D        | Found a hide-covered altar of Uskayaw.
    35 | D        | Found a broken altar of Ashenzari.
    40 | D        | Became a worshipper of Jiyva Jenai the Shapeless
    42 | D        | Killed a naga warrior
    43 | D        | Killed a slime creature
    43 | D        | Killed a great orb of eyes
    44 | D        | Killed an eye of devastation
    46 | D        | Killed a slime creature
    46 | D        | Killed a slime creature
    48 | D        | Killed a slime creature
    48 | D        | Killed a slime creature
    48 | D        | Killed a deep elf high priest
    50 | D        | Killed a slime creature
    50 | D        | Killed a slime creature
    50 | D        | Killed a slime creature
    50 | D        | Killed a yellow draconian annihilator
    52 | D        | Killed a floating eye
    52 | D        | Killed an apis
    52 | D        | Killed a floating eye
    52 | D        | Killed an azure jelly
    54 | D        | Killed a slime creature
    55 | D        | Killed a wraith
    63 | D        | Killed a yak
    65 | D        | Killed a floating eye
    66 | D        | Killed a great orb of eyes
    68 | D        | Killed a rockslime
    74 | D        | Killed Frederick
    75 | D        | Killed a runed hand axe
    77 | D        | Killed a hell knight
    77 | D        | Killed an azure jelly
    78 | D        | Killed an alligator
    79 | D        | Reached skill level 4 in Armour
    79 | D        | Killed a hell knight
    80 | D        | Killed a hell knight
    81 | D        | Killed a hell knight
    83 | D        | Killed a hell knight
    85 | D        | Killed a rockslime
    94 | D        | Killed a rockslime
    97 | D        | Killed a rockslime
   100 | D        | Killed a quicksilver ooze
   103 | D        | Killed an acid blob
   107 | D        | Killed Dintearr the pandemonium lord
   141 | D        | Reached XP level 2. HP: 19/27 MP: 2/2
   143 | D        | Killed a quicksilver ooze
   168 | D        | Killed a Tzitzimitl
   174 | D        | Killed an ancient lich
   178 | D        | Killed a Hell Sentinel
   193 | D        | Noticed Crazy Yiuf
   193 | D        | Noticed an orc warrior
   194 | D        | Reached * piety under Jiyva
   194 | D        | Noticed a kobold brigand
   197 | D        | Killed Crazy Yiuf
   198 | D        | Reached skill level 5 in Armour
   198 | D        | Reached XP level 3. HP: 23/35 MP: 3/3
   199 | D        | Noticed a wight
   201 | D        | Slain by an orc warrior

Illustrated notes

Levels and vault maps discovered:
D:        pitsprint [storerooms_1, entrance_room_1, metal_vault_4, armoury_2,
          mini_pit_1, grid_room_1, main_hall_1, silver_pit, the_coven_3,
          the_vestibule_1, steel_vault_4, golden_pit, hallway_of_sentries,
          crystal_vault_4, iron_vault_4, final_vault]

Skill      XL: |  1  2 |
---------------+-------+-----
Armour         | 4 5 |  5.3
Fighting       | 3 4 |  4.0
Axes           | 2 3 |  3.0
Shields        | 4 |  4.8

Action                     || total
---------------------------++-------
  Melee: War axe           ||    31
         Tailslap          ||     4
    Use: Potion            ||     3
 Armour: Scale mail        ||    25
         Plate armour      ||     8
  Dodge: Dodged            ||    17
  Block: Buckler           ||    10

Table legend: (Time is in decaauts)
 A = Elapsed time spent in this place.
 B = Non-inter-level travel time spent in this place.
 C = Inter-level travel time spent in this place.
 D = Time resting spent in this place.
 E = Time spent auto-exploring this place.
 F = Levels seen in this place.
 G = Mean time per level.
                   A        B        C        D        E       F      G
               +--------+--------+--------+--------+--------+-----+--------+
         Total |    214 |    214 |      0 |     41 |      0 |   1 |  214.0 |
       Dungeon |    214 |    214 |      0 |     41 |      0 |   1 |  214.0 |
               +--------+--------+--------+--------+--------+-----+--------+

Top non-repeatable levels by time:
       D: 214 daAuts
